 Dungeon Crawl Stone Soup version 0.28-a0-1389-gc726bef33b (webtiles) character file.

Game seed: 6781569199669509478

58 flotson the Cudgeller (level 3, -2/28 HPs)
             Began as a Demonspawn Gladiator on Jan 3, 2022.
             Slain by a goblin (3 damage)
             ... on level 2 of the Dungeon.
             The game lasted 00:01:59 (2010 turns).

flotson the Cudgeller (Demonspawn Gladiator)        Turns: 2010, Time: 00:02:00

Health: -2/28      AC:  6    Str: 16    XL:     3   Next: 75%
Magic:  3/3        EV: 11    Int:  9    God:
Gold:   102        SH:  0    Dex: 14    Spells: 2/2 levels left

rFire   . . .      SeeInvis .   a - +0 flail
rCold   . . .      Faith    .   (no shield)
rNeg    . . .      Spirit   .   h - +0 ring mail
rPois   .          Reflect  .   c - +0 helmet
rElec   .          Harm     .   (no cloak)
rCorr   .          Rampage  .   (no gloves)
Will    .....                   (no boots)
Stlth   +.........              (no amulet)
HPRegen 0.09/turn               (no ring)
MPRegen 0.08/turn               (no ring)

@: no status effects
A: hooves 1, ignite blood 1
a: no special abilities


You were on level 2 of the Dungeon.
You visited 1 branch of the dungeon, and saw 2 of its levels.

You collected 102 gold pieces.

Inventory:

Hand Weapons
 a - a +0 flail (weapon)
Missiles
 d - 3 throwing nets (quivered)
 l - 3 boomerangs
Armour
 c - a +0 helmet (worn)
 h - a +0 ring mail (worn)
Jewellery
 k - an amulet of faith
Scrolls
 b - a scroll of enchant armour {unknown}
 e - a scroll of silence {unknown}
 f - 5 scrolls of identify {unknown}
 g - a scroll of noise {unknown}
 i - a scroll of magic mapping {unknown}
 j - 2 scrolls of fear {unknown}
 m - a scroll of fog {unknown}
 n - a scroll of enchant weapon {unknown}


   Skills:
 + Level 2.5 Fighting
 + Level 3.1 Maces & Flails
 + Level 2.3 Throwing
 + Level 1.1 Armour
 + Level 3.0 Dodging


You had 2 spell levels left.
You didn't know any spells.
Your spell library was empty.

Dungeon Overview and Level Annotations

Branches:
Dungeon (2/15)

Altars:

Shops:
D:1 (

Annotations:
D:2 1 runed translucent door, Crazy Yiuf


Innate Abilities, Weirdness & Mutations

You have large cloven feet.
Your demonic aura sometimes causes spilled blood to erupt in flames.


Message History

You are too injured to fight recklessly!
You are too injured to fight recklessly!
You are too injured to fight recklessly!
You feel sick. The goblin hits you but does no damage.
The goblin closely misses you.
You feel sick.
You are no longer poisoned.
There is an open door here.
You sock the goblin!
You kill the goblin!
The goblin hits you with a +0 club.
* * * LOW HITPOINT WARNING * * *
Press: ? - help, v - describe, . - travel, g - get item
Items here: a +0 dagger of venom; a goblin corpse.
An open door.
Unknown command.
You barely miss the goblin. Your kick misses the goblin.
The goblin hits you but does no damage.
You barely miss the goblin. You kick the goblin.
The goblin is moderately wounded.
The goblin barely misses you.
You barely miss the goblin. Your kick misses the goblin.
The goblin is moderately wounded.
The goblin hits you with a +0 club.
* * * LOW HITPOINT WARNING * * *
You barely miss the goblin. Your kick misses the goblin.
The goblin is moderately wounded.
The goblin hits you but does no damage. The goblin hits you with a +0 club.
* * * LOW HITPOINT WARNING * * *
You closely miss the goblin. Your kick misses the goblin.
The goblin is moderately wounded.
The goblin hits you with a +0 club.
* * * LOW HITPOINT WARNING * * *
You aren't carrying any potions.
You barely miss the goblin. The goblin barely misses you.
You sock the goblin!
You kill the goblin!
You closely miss the goblin. Your kick misses the goblin.
The goblin hits you with a +0 club.
You die...

#..# ..........##.####.#
#..# #.######.###.####..
#..# #.###.......#.....#
#..# #.##..###..#.####.#
#..# #.##.## ##.........
#..# #..####....#
#...####.#
##..#####........###
+####..# #.#
#..........###..##.#...#
##.# #.# #...####..##
#..@g.)...+ #.# #.# #...#
#..# ##.##†#...# ##.# #.#
#...# #..# #..### +####..#
#.# #...####..######...#
#...## #.#
#....†.............##
##.### #.#
#..#####........##..###..#
#.# #.)# ####.####
##.....## #.# #<.#### #.#
####### #.# #.....# #.#
#<#


You could see a goblin.

Vanquished Creatures
  2 adders (D:2)
  A worm (D:2)
  4 dart slugs
  2 giant cockroaches
  5 goblins
  2 hobgoblins (D:2)
  3 jackals (D:1)
  3 ball pythons
  A bat (D:2)
  2 frilled lizards (D:2)
  A kobold (D:2)
  3 rats (D:1)
29 creatures vanquished.

Notes
Turn   | Place    | Note
-------+----------+-------------------------------------------
     0 | D:1      | flotson the Demonspawn Gladiator began the quest for the
                  | Orb.
     0 | D:1      | Reached XP level 1. HP: 16/16 MP: 1/1
   326 | D:1      | Gained mutation: Your demonic aura sometimes causes spilled
                  | blood to erupt in flames. [demonic ancestry]
   326 | D:1      | Reached XP level 2. HP: 22/22 MP: 2/2
   368 | D:1      | Found Unesamp's Weapon Shoppe.
  1354 | D:2      | Gained mutation: You have large cloven feet. [demonic
                  | ancestry]
  1354 | D:2      | Reached XP level 3. HP: 20/28 MP: 3/3
  1556 | D:2      | Reached skill level 1 in Armour
  1869 | D:2      | Found a runed translucent door.
  1870 | D:2      | Noticed Crazy Yiuf
  1929 | D:2      | Found a faded altar of an unknown god.
  2007 | D:2      | HP: 1/28 [goblin (4)]
  2010 | D:2      | Slain by a goblin

Illustrated notes

Levels and vault maps discovered:
D:1:      psy_arrival_radial01, layout_loops_corners, serial_shops,
          nicolae_shop_statue_plus, minmay_indecisive_spiral
D:2:      cheibrodos_greedy_goblins, layout_loops_ring,
          ebering_ecumenical_altar_rust, grunt_ministairs_14,
          uniq_crazy_yiuf_cottage

Skill      XL: |  1  2  3 |
---------------+----------+-----
Throwing       | 2 |  2.3
Maces & Flails | 3 |  3.1
Armour         | 1 |  1.1
Dodging        | 3 |  3.0
Fighting       | |  2.5

Action                   || total
-------------------------++-------
Melee: Flail             ||    86
       Kick              ||     6
Armor: Leather armour    ||    14
       Ring mail         ||    27
Dodge: Dodged            ||    41

Table legend: (Time is in decaauts)
 A = Elapsed time spent in this place.
 B = Non-inter-level travel time spent in this place.
 C = Inter-level travel time spent in this place.
 D = Time resting spent in this place.
 E = Time spent auto-exploring this place.
 F = Levels seen in this place.
 G = Mean time per level.
                   A        B        C        D        E       F      G
               +--------+--------+--------+--------+--------+-----+--------+
         Total |   2032 |   1923 |    109 |      0 |   1704 |   2 | 1016.0 |
       Dungeon |   2032 |   1923 |    109 |      0 |   1704 |   2 | 1016.0 |
               +--------+--------+--------+--------+--------+-----+--------+

Top non-repeatable levels by time:
     D:1: 1251 daAuts
     D:2: 780 daAuts
